 Dungeon Crawl Stone Soup version 0.18-a0-1643-gb89d9db (webtiles) character file.

15251 Deemzul the Covert (level 12, -31/80 HPs)
             Began as an Octopode Monk on Mar 28, 2016.
             Was a High Priest of Dithmenos.
             Killed from afar by a war gargoyle (57 damage)
             ... with a spray of metal splinters
             ... on level 12 of the Dungeon.
             The game lasted 00:30:01 (10604 turns).

Deemzul the Covert (Octopode Monk)                 Turns: 10604, Time: 00:30:03

Health: -31/80     AC:  3    Str: 13    XL:     12   Next: 25%
Magic:  15/15      EV: 23    Int: 13    God:    Dithmenos [*****.]
Gold:   808        SH: 10    Dex: 23    Spells: 1 memorised, 11 levels left

rFire  . . .     SeeInvis .       - Unarmed
rCold  + + .     Gourm    +     I - +0 shield
rNeg   + + .     Faith    .     (helmet restricted)
rPois  +         Spirit   .     i - amulet of the gourmand
rElec  .         Dismiss  .     c - ring of stealth
rCorr  .         Reflect  .     k - ring of positive energy
SustAt .         Harm     .     (no ring)
MR     +....                    y - ring of positive energy
Stlth  ++++++++++               p - +2 ring of protection
                                n - +4 ring of slaying
                                J - ring of protection from cold
                                O - ring of poison resistance

@: agile, wreathed by umbra, somewhat resistant to hostile enchantments,
uncannily stealthy
A: almost no armour, amphibious, 8 rings, constrict 8, camouflage 1, cold
resistance 1, frail 1, magic resistance 1, strong 1, gelatinous body 1
a: Shadow Step, Shadow Form, Renounce Religion


You were on level 12 of the Dungeon.
You worshipped Dithmenos.
Dithmenos was extremely pleased with you.
You were full.

You visited 3 branches of the dungeon, and saw 14 of its levels.

You collected 808 gold pieces.

Inventory:

Hand Weapons
 C - a +1 blowgun
 L - a +1 halberd
Missiles
 D - 39 poisoned needles
Armour
 I - a +0 shield (worn)
Jewellery
 c - a ring of stealth (left tentacle)
 d - an uncursed ring of fire
 g - an uncursed ring of fire
 i - an amulet of the gourmand (around mantle)
 k - a ring of positive energy (right tentacle)
 n - a +4 ring of slaying (on tentacle)
 o - an uncursed ring of ice
 p - a +2 ring of protection (on tentacle)
 y - a ring of positive energy (on tentacle)
 J - a ring of protection from cold (on tentacle)
 O - a ring of poison resistance (on tentacle)
Wands
 r - a wand of digging (14/24)
 v - a wand of lightning (14/15)
 w - a wand of iceblast (1/15)
 F - a wand of disintegration (10/24)
 K - a wand of lightning (7/15)
 M - a wand of paralysis (15/24)
Scrolls
 f - 3 scrolls of noise
 h - 5 scrolls of remove curse
 j - 3 scrolls of fog
 m - 5 scrolls of identify
 B - 2 scrolls of recharging
 G - 2 scrolls of random uselessness
 N - 2 scrolls of teleportation
Potions
 b - 2 potions of cancellation
 e - 2 potions of flight
 q - 2 potions of cure mutation
 t - 4 potions of brilliance
 x - a potion of curing
 A - a potion of resistance
Books
 l - a book of Geomancy

   Spells                             Type                      Level
   a - Sandblast                      Earth                        1
   b - Passwall                       Transmutation/Earth          2
   c - Stone Arrow                    Conjuration/Earth            3
   d - Petrify                        Transmutation/Earth          4
   e - Lee's Rapid Deconstruction     Earth                        5
Miscellaneous
 P - a fan of gales (inert)
Comestibles
 a - 10 bread rations
 u - 3 beef jerkies
 z - 2 fruits
 E - 8 slices of pizza


   Skills:
 * Level 10.6 Fighting
 + Level 7.7 Dodging
 + Level 13.0 Stealth
 + Level 4.2 Shields
 * Level 11.0 Unarmed Combat
 + Level 1.0 Spellcasting
 + Level 1.3 Transmutations
 + Level 1.0 Earth Magic
 + Level 4.0 Evocations


You had 11 spell levels left.
You knew the following spells:

 Your Spells              Type           Power        Failure   Level  Hunger
a - Passwall              Trmt/Erth      #.........   95%         2    ###....


Dungeon Overview and Level Annotations

Branches:
Dungeon (12/15)            Temple (1/1) D:4            Lair (1/8) D:10
    Orc (0/2) D:10

Altars:
Ashenzari
Cheibriados
Dithmenos
Elyvilon
Fedhas
Gozag
Kikubaaqudgha
Makhleb
Nemelex Xobeh
Okawaru
Pakellas
Qazlal
Ru
Sif Muna
Trog
Vehumet
Xom
Yredelemnul
Zin
The Shining One

Annotations:
D:4 bullock's ghost, novice HuWn
D:10 epen's ghost, journeyman DrMo
D:11 Deemzul's ghost, journeyman OpMo


Innate Abilities, Weirdness & Mutations

You cannot wear most types of armour.
You are amphibious.
You can wear up to eight rings at the same time.
You can use your tentacles to constrict eight enemies at once.
Your skin changes colour to match your surroundings (Stealth).
Your rubbery body absorbs attacks (AC +1).
Your flesh is cold resistant.
You are frail (-10% HP).
You are resistant to hostile enchantments.
Your muscles are strong. (Str +2)


Message History

The war gargoyle launches metal splinters at you.
The spray of metal splinters misses you.
The war gargoyle hits you with a great mace of crushing.
Unknown command.
Drink which item? (? for menu, Esc to quit)
Okay, then.
Evoke which item? (* to show all) (? for menu, Esc to quit)
You lose your grip on the war gargoyle.
A fierce wind blows from the fan.
The war gargoyle is blown away by the wind.
The winds coalesce and take form.
There is an open door here.
You swap places.
Your air elemental hits the war gargoyle but does no damage.
Your air elemental hits the war gargoyle but does no damage.
The war gargoyle launches metal splinters at you.
The spray of metal splinters hits your air elemental.
Your air elemental is destroyed!
The spray of metal splinters hits you!
Ouch! That really hurt!
You die...

#.....##.......#
#..u..##........#####
##.....##.........#....
##..c..##.)........#.###
+#.....##########........
##..s..##.......##.#.#.###
##.....##.........'.#.#.###
#.....##.........##........
#.....#+...@########........
#.....##.§.§##........#......
.....##.)§9####.......#......
..[.##.)..#§§§##......#......
...##....##§9§§##.....##.....
..# #...###§§§§.##....##.....
.# #...# ##§§§§$##...##.....
#...# ##§§§(##...##.....
#...# #?/##.....


You could see a war gargoyle.

Vanquished Creatures
  Snorg (D:10)
  A hydra (D:12)
  Pikel (D:5)
  2 hill giants
  A cyclops (D:12)
  A centaur skeleton (D:10)
  A freezing wraith (D:12)
  A kobold demonologist (D:11)
  2 trolls
  Grinder (D:5)
  A two-headed ogre (D:8)
  A shadow (D:11)
  A vampire (D:11)
  Sigmund (D:5)
  8 yaks
  A wyvern (D:10)
  A human (D:9)
  2 hungry ghosts
  Grum (D:11)
  Menkaure (D:5)
  Edmund (D:4)
  A water moccasin (D:11)
  A soldier ant (D:11)
  Duvessa (D:4)
  7 orc warriors
  4 slaves (D:5)
  2 sky beasts
  3 black bears
  8 ogres
  4 ice beasts
  3 wolves (D:11)
  2 phantoms
  6 centaurs
  8 big kobolds
  The ghost of ontamu the Ruffian, an amateur VSMo (D:3)
  2 giant frogs
  A wyvern zombie (D:8)
  3 gnoll sergeants
  Dowan (D:4)
  3 wyvern skeletons
  7 scorpions
  16 killer bees
  6 wights
  8 crimson imps
  5 howler monkeys
  4 centaur zombies
  A quasit (D:9)
  2 jellies
  2 giant frog zombies (D:5)
  9 hounds
  3 orc priests
  A giant frog skeleton (D:8)
  3 iguanas
  11 worker ants
  4 orc wizards
  3 sheep (D:9)
  A hound zombie (D:6)
  3 hound skeletons
  2 worker ant zombies
  A howler monkey zombie (D:9)
  14 gnolls
  16 adders
  4 shadow imps
  3 oozes
  An adder zombie (D:6)
  A worm (D:3)
  A dart slug (D:1)
  5 giant geckos
  33 orcs
  2 ball pythons (D:3)
  11 bats
  5 giant cockroaches
  6 goblins
  5 hobgoblins
  12 jackals
  2 quokkas
  A ball python skeleton (D:5)
  A giant cockroach zombie (D:5)
  3 giant newts
  2 jackal zombies
  19 kobolds
  6 rats
337 creatures vanquished.

Notes
Turn   | Place    | Note
--------------------------------------------------------------
     0 | D:1      | Deemzul the Octopode Monk began the quest for the Orb.
     0 | D:1      | Reached XP level 1. HP: 16/16 MP: 1/1
   111 | D:1      | Reached XP level 2. HP: 9/21 MP: 2/2
   117 | D:1      | Reached skill level 3 in Stealth
   380 | D:1      | Reached XP level 3. HP: 8/26 MP: 3/3
   795 | D:2      | Found a basalt altar of Yredelemnul.
   795 | D:2      | Found a sacrificial altar of Ru.
   796 | D:2      | Found a deep blue altar of Sif Muna.
   797 | D:2      | Found a bloodstained altar of Trog.
   797 | D:2      | Found an opulent altar of Gozag.
   797 | D:2      | Found an oddly glowing altar of Pakellas.
   809 | D:2      | Reached XP level 4. HP: 26/33 MP: 4/4
  1016 | D:2      | Reached skill level 4 in Stealth
  1378 | D:3      | Noticed ontamu's ghost (amateur VSMo)
  1522 | D:3      | Reached XP level 5. HP: 31/37 MP: 5/5
  1567 | D:4      | Found a shadowy altar of Dithmenos.
  1583 | D:4      | Became a worshipper of Dithmenos the Shadowed
  1583 | D:4      | Reached * piety under Dithmenos
  1583 | D:4      | Reached ** piety under Dithmenos
  1607 | D:4      | Noticed bullock's ghost (novice HuWn)
  1839 | D:3      | Killed ontamu's ghost
  1839 | D:3      | Reached skill level 5 in Stealth
  1839 | D:3      | Reached skill level 5 in Unarmed Combat
  1839 | D:3      | Reached XP level 6. HP: 34/44 MP: 6/6
  2236 | D:4      | Found a staircase to the Ecumenical Temple.
  2244 | D:4      | Noticed Edmund
  2262 | D:4      | Killed Edmund
  2373 | D:4      | Noticed Duvessa
  2374 | D:4      | Noticed Dowan
  2401 | Temple   | Entered the Ecumenical Temple
  2465 | D:4      | Reached skill level 6 in Stealth
  2465 | D:4      | Reached XP level 7. HP: 49/49 MP: 7/7
  2486 | D:4      | Found a glowing golden altar of the Shining One.
  2493 | D:4      | Found an iron altar of Okawaru.
  2494 | D:4      | Found a snail-covered altar of Cheibriados.
  2495 | D:4      | Found a radiant altar of Vehumet.
  2564 | D:5      | Entered Level 5 of the Dungeon
  2564 | D:5      | Found a shimmering altar of Xom.
  2565 | D:5      | Noticed Menkaure
  2573 | D:5      | Noticed Sigmund
  2582 | D:5      | Killed Sigmund
  2582 | D:5      | Reached skill level 5 in Fighting
  2586 | D:5      | Noticed Grinder
  2593 | D:5      | Paralysed by Grinder for 3 turns
  2602 | D:5      | Killed Grinder
  2602 | D:5      | Reached skill level 7 in Stealth
  2618 | D:5      | Reached XP level 8. HP: 39/57 MP: 8/8
  2806 | D:4      | Killed Duvessa
  2811 | D:4      | Killed Dowan
  2811 | D:4      | Reached skill level 8 in Stealth
  3008 | D:5      | Reached *** piety under Dithmenos
  3031 | D:5      | Noticed Pikel
  3095 | D:5      | Reached skill level 5 in Dodging
  3097 | D:5      | Reached XP level 9. HP: 60/63 MP: 9/9
  3119 | D:5      | Reached skill level 9 in Stealth
  3159 | D:5      | Killed Menkaure
  3247 | D:5      | Gained mutation: You are resistant to hostile enchantments. [mutagenic meat]
  3248 | D:5      | Gained mutation: You are frail (-10% HP). [mutagenic meat]
  3249 | D:5      | Gained mutation: You are partially covered in slimy green scales (AC +2). [mutagenic meat]
  3250 | D:5      | Gained mutation: Your flesh is cold resistant. [mutagenic meat]
  3251 | D:5      | Lost mutation: You are partially covered in slimy green scales (AC +2). [mutagenic meat]
  3252 | D:5      | Gained mutation: Your muscles are strong. (Str +2) [mutagenic meat]
  3570 | D:6      | Found a glowing silver altar of Zin.
  3570 | D:6      | Found a burning altar of Makhleb.
  3571 | D:6      | Noticed a blizzard demon
  3571 | D:6      | Noticed an angel
  3675 | D:5      | Killed Pikel
  3675 | D:5      | Reached skill level 10 in Stealth
  3867 | D:6      | Reached **** piety under Dithmenos
  4280 | D:7      | Reached XP level 10. HP: 59/64 MP: 10/10
  4300 | D:7      | Reached skill level 11 in Stealth
  4544 | D:7      | You fall through a shaft!
  5926 | D:8      | Reached ***** piety under Dithmenos
  6014 | D:9      | Reached skill level 1 in Shields
  6656 | D:9      | Reached skill level 12 in Stealth
  7094 | D:10     | Entered Level 10 of the Dungeon
  7094 | D:10     | Noticed epen's ghost (journeyman DrMo)
  7209 | D:10     | Noticed a hill giant
  7211 | D:10     | Noticed Snorg
  7220 | D:10     | Reached skill level 1 in Evocations
  7220 | D:10     | Reached XP level 11. HP: 72/72 MP: 11/11
  7266 | D:10     | Killed a hill giant
  7767 | D:11     | Noticed Deemzul's ghost (journeyman OpMo)
  7942 | D:10     | Found a staircase to the Lair.
  7976 | D:10     | Reached skill level 10 in Unarmed Combat
  8077 | D:10     | Killed Snorg
  8078 | D:10     | Found a staircase to the Orcish Mines.
  8695 | D:10     | Reached skill level 10 in Fighting
  8803 | D:11     | Noticed Grum
  8830 | D:11     | Killed Grum
  9251 | D:11     | Noticed a five-headed hydra
  9389 | Lair:1   | Entered Level 1 of the Lair of Beasts
  9389 | Lair:1   | Noticed a six-headed hydra
  9871 | D:12     | Reached XP level 12. HP: 79/79 MP: 14/14
  9894 | D:12     | Noticed a six-headed hydra
 10169 | D:11     | Learned a level 2 spell: Passwall
 10475 | D:12     | Killed a six-headed hydra
 10475 | D:12     | Reached skill level 1 in Transmutations
 10526 | D:12     | Reached skill level 1 in Spellcasting
 10526 | D:12     | Reached skill level 1 in Earth Magic
 10579 | D:12     | Reached skill level 13 in Stealth
 10585 | D:12     | Noticed a centaur warrior
 10591 | D:12     | Noticed a war gargoyle
 10604 | D:12     | Killed from afar by a war gargoyle

Vault maps used:
D:1:      lemuel_arrival_tunnels, serial_glass, glass_columns_c, glass_columns_c
D:2:      grunt_temple_overflow_open
D:3:      minmay_quantized
D:4:      nicolae_overflow_crystal_walls, minitemple, temple_statues,
          first_bread, uniq_edmund, uniq_duvessa
D:5:      xom_confusion_cloud, uniq_grinder, uniq_menkaure, uniq_pikel,
          uniq_sigmund
D:6:      grunt_temple_overflow_order_and_chaos_2
D:7:      grunt_ministairs_14
D:9:      grunt_livestock
D:10:     lair_0_dummy, kennysheep_orc_monster_closet_entryway, uniq_snorg
D:11:     uniq_grum
D:12:     minmay_octo_star
Temple:   circular_temple_6
Lair:1:   grunt_megastairs_3, uniq_harold

Skill      XL: |  1  2  3  4  5  6  7  8  9 10 11 12 |
---------------+-------------------------------------+-----
Stealth        | 3 4 5 6 7 8 10 12 13 | 13.0
Fighting       | 4 5 6 8 9 10 | 10.6
Unarmed Combat | 5 6 7 8 9 10 11 | 11.0
Dodging        | 4 5 6 7 |  7.7
Shields        | 2 3 4 |  4.2
Evocations     | 1 3 4 |  4.0
Transmutations | 1 |  1.3
Spellcasting   | 1 |  1.0
Earth Magic    | 1 |  1.0

Action                   |  1- 3 |  4- 6 |  7- 9 | 10-12 || total
-------------------------+-------+-------+-------+-------++-------
Melee: Unarmed           |    58 |   106 |   186 |   485 ||   835
Evoke: Wand              |       |       |     1 |     7 ||     8
       Fan of gales      |       |       |       |     1 ||     1
  Use: Scroll            |     1 |     1 |     3 |     7 ||    12
       Potion            |       |     6 |     2 |    12 ||    20
 Stab: Sleeping          |    10 |    24 |    20 |    46 ||   100
       Distracted        |       |       |       |     7 ||     7
  Eat: Chunk             |       |     4 |    12 |    28 ||    44
       Fruit             |       |       |       |     1 ||     1
